Map: Usina Ácida LE

Players

FabioCeleste

  • Race: Protoss Protoss
  • League: Silver
  • Spawn Location: 11:00

IagoAbreu - Winner!

  • Race: Protoss Protoss
  • League: Gold
  • Spawn Location: 5:00

VOD

Have the link to the VOD?

Description

Time

  • Played on: March 17, 2018, 12:30 p.m.
  • Length: 21:07
Show
View Real Time Build Order
Export as new Build Order

FabioCeleste Protoss 

Build Orders: Double Forge 

Get SALT Encoding   

  12  0:03  Probe  
  13  0:15  Probe  
  14  0:21  Pylon  
  14  0:27  Probe  
  15  0:31  Assimilator  
  15  0:40  Probe (Chrono Boost)  
  16  0:48  Gateway  
  17  0:50  Probe (Chrono Boost)  
  17  0:56  Probe  
  18  1:07  Assimilator  
  18  1:08  Probe  
  19  1:20  Probe  
  20  1:32  Probe  
  21  1:40  Pylon  
  21  1:44  Probe  
  22  1:50  Cybernetics Core  
  22  1:56  Probe  
  23  2:08  Probe  
  24  2:17  Nexus  
  24  2:20  Probe  
  24  2:21  Warp Gate (Chrono Boost)  
  25  2:39  Gateway  
  25  2:48  Robotics Facility  
  25  2:51  Probe  
  26  3:04  Probe  
  27  3:14  Pylon  
  27  3:17  Forge  
  27  3:28  Twilight Council  
  27  3:33  Probe x2  
  29  3:38  Adept  
  29  3:40  Adept  
  33  3:45  Probe  
  34  3:53  Gateway  
  34  3:55  Gateway  
  34  3:57  Probe  
  34  3:58  Probe  
  36  4:13  Protoss Ground Weapons Level 1  
  36  4:28  Forge  
  36  4:31  Pylon, Observer  
  36  4:37  Stalker  
  39  4:39  Stalker  
  41  4:52  Warp Prism  
  41  4:57  Blink  
  43  5:02  Protoss Ground Armor Level 1  
  43  5:04  Probe x2  
  45  5:09  Assimilator  
  45  5:12  Stalker  
  45  5:13  Assimilator  
  47  5:16  Stalker, Probe  
  47  5:17  Probe  
  51  5:28  Probe  
  51  5:29  Probe  
  53  5:40  Stalker x2  
  53  5:41  Stalker x2, Probe  
  48  5:59  Probe  
  48  6:02  Probe  
  50  6:10  Protoss Ground Weapons Level 2  
  50  6:11  Probe  
  50  6:14  Probe  
  50  6:18  Stalker x3  
  54  6:19  Stalker  
  54  6:24  Probe  
  61  6:26  Probe  
  62  6:44  Nexus  
  62  6:45  Pylon  
  62  6:47  Pylon  
  62  7:02  Protoss Ground Armor Level 2  
  62  7:03  Probe  
  63  7:15  Probe (Chrono Boost)  
  64  7:25  Probe (Chrono Boost)  
  64  7:26  Probe (Chrono Boost)  
  66  7:30  Probe (Chrono Boost)  
  66  7:32  Probe  
  66  7:36  Stalker x2  
  72  7:37  Stalker  
  72  7:38  Stalker  
  72  7:41  Probe (Chrono Boost)  
  72  7:43  Charge  
  77  7:46  Probe (Chrono Boost)  
  78  8:16  Stalker  
  78  8:17  Zealot x2  
  78  8:18  Zealot  
  82  8:31  Warp Prism  
  78  8:48  Stargate  
  78  8:51  Probe (Chrono Boost)  
  78  8:52  Probe (Chrono Boost)  
  78  8:55  Probe (Chrono Boost)  
  81  9:02  Probe (Chrono Boost)  
  83  9:03  Probe (Chrono Boost)  
  83  9:06  Probe (Chrono Boost)  
  83  9:07  Probe x2 (Chrono Boost)  
  86  9:27  Gateway  
  86  9:30  Gateway  
  86  9:32  Stalker  
  86  9:33  Stalker x2  
  92  9:43  Pylon  
  92  9:45  Pylon  
  92  9:48  Pylon  
  92  9:49  Pylon  
  78  10:19  Stalker x2  
  78  10:20  Stalker x2  
  64  10:39  Sentry  
  64  10:40  Stalker  
  68  10:44  Stalker  
  68  10:45  Stalker x2  
  68  10:46  Stalker  
  76  11:10  Robotics Bay  
  76  11:12  Assimilator, Probe x3  
  76  11:16  Stalker x3  
  76  11:17  Assimilator, Stalker x2  
  76  11:18  Stalker  
  91  11:24  Probe x3  
  94  11:36  Probe  
  95  11:43  Pylon  
  95  11:45  Pylon  
  65  12:08  Stalker  
  65  12:09  Stalker x2  
  65  12:10  Stalker  
  65  12:12  Stalker x2  
  65  12:14  Phoenix  
  75  12:31  Warp Prism  
  77  12:39  Phoenix  
  79  12:50  Templar Archives  
  79  13:00  Stalker x2  
  79  13:02  Stalker  
  79  13:04  Stalker, Phoenix  
  79  13:05  Stalker  
  91  13:06  Stalker  
  91  13:07  Observer  
  94  13:16  Psionic Storm  
  94  13:29  High Templar, Phoenix  
  94  13:30  High Templar x2  
  94  13:31  High Templar  
  94  13:32  Stalker  
  94  13:33  Stalker  
  108  13:47  Protoss Ground Weapons Level 3, Protoss Ground Armor Level 3  
  108  13:54  Phoenix  
  110  14:02  Sentry x2  
  114  14:04  Stalker x3  
  114  14:05  Stalker  
  122  14:27  Stalker x3  
  122  14:28  Stalker  
  122  14:29  Stalker  
  132  14:44  Stalker  
  78  15:09  Stalker x2  
  78  15:10  Stalker x2  
  78  15:14  Stalker x2  
Show
View Real Time Build Order
Export as new Build Order

IagoAbreu Protoss - Winner!

Build Orders:  

Get SALT Encoding   

  12  0:12  Pylon  
  12  0:19  Probe (Chrono Boost)  
  14  0:29  Probe (Chrono Boost)  
  14  0:37  Forge  
  14  0:38  Probe  
  15  0:43  Assimilator  
  15  0:55  Probe  
  16  0:57  Assimilator  
  16  1:11  Photon Cannon  
  16  1:21  Gateway  
  16  1:29  Probe (Chrono Boost)  
  17  1:38  Probe (Chrono Boost)  
  18  1:41  Pylon  
  18  1:43  Probe (Chrono Boost)  
  18  1:45  Pylon  
  19  2:10  Cybernetics Core  
  19  2:13  Probe (Chrono Boost)  
  20  2:25  Probe (Chrono Boost)  
  21  2:35  Probe  
  22  2:47  Nexus  
  22  2:56  Shield Battery  
  22  3:23  Stargate  
  22  3:25  Stargate  
  22  3:28  Probe  
  22  3:33  Stargate  
  23  4:01  Probe (Chrono Boost)  
  24  4:13  Probe (Chrono Boost)  
  24  4:14  Oracle x2  
  31  4:18  Probe (Chrono Boost)  
  31  4:19  Oracle  
  35  4:28  Probe  
  36  4:37  Pylon  
  36  4:40  Probe  
  37  4:52  Probe  
  38  5:04  Probe  
  38  5:05  Nexus  
  39  5:11  Void Ray  
  39  5:14  Void Ray  
  47  5:20  Assimilator  
  47  5:27  Assimilator, Probe (Chrono Boost)  
  49  5:37  Probe (Chrono Boost)  
  49  5:42  Probe (Chrono Boost)  
  50  5:53  Probe  
  45  6:05  Probe  
  45  6:09  Void Ray x2  
  54  6:17  Probe  
  55  6:25  Protoss Air Weapons Level 1 (Chrono Boost)  
  55  6:31  Probe (Chrono Boost)  
  56  6:37  Probe (Chrono Boost)  
  58  6:47  Probe (Chrono Boost)  
  58  6:52  Probe (Chrono Boost)  
  58  6:59  Phoenix x2  
  63  7:04  Probe  
  63  7:06  Phoenix  
  66  7:10  Nexus  
  66  7:17  Probe (Chrono Boost)  
  67  7:23  Probe (Chrono Boost)  
  67  7:29  Probe (Chrono Boost)  
  69  7:33  Probe (Chrono Boost)  
  69  7:35  Probe (Chrono Boost)  
  71  7:38  Probe (Chrono Boost)  
  71  7:39  Fleet Beacon  
  71  7:42  Probe  
  73  7:49  Void Ray  
  77  8:00  Pylon  
  77  8:04  Pylon  
  77  8:10  Pylon  
  77  8:14  Pylon  
  77  8:17  Pylon  
  77  8:18  Probe  
  78  8:30  Probe  
  79  8:39  Robotics Facility  
  79  8:42  Probe  
  79  8:43  Tempest x3 (Chrono Boost)  
  98  8:53  Protoss Air Weapons Level 2 (Chrono Boost)  
  98  9:08  Protoss Shields Level 1 (Chrono Boost)  
  98  9:45  Carrier (Chrono Boost), Warp Prism  
  106  9:54  Carrier (Chrono Boost)  
  106  10:53  Assimilator  
  106  10:57  Assimilator  
  106  11:07  Mothership (Chrono Boost), Carrier (Chrono Boost)  
  120  11:25  Tempest  
  126  11:33  Tempest  
  114  12:17  Carrier x2 (Chrono Boost)  
  126  13:03  Carrier  
  132  13:26  Stargate  
  132  13:28  Stargate  
  132  13:30  Stargate  
  132  13:34  Stargate  
  132  13:47  Nexus  
  132  13:50  Assimilator  
  132  13:53  Assimilator  
  132  14:01  Pylon  
  132  14:02  Pylon  
  132  14:04  Pylon  
  132  14:05  Pylon  
  132  14:07  Pylon  
  132  14:18  Carrier  
  132  14:19  Observer, Carrier  
  151  14:26  Phoenix  
  151  14:27  Phoenix x3  
  153  14:40  Observer  
  154  14:49  Carrier  
  151  15:44  Carrier x3  
  151  15:50  Carrier  
  151  16:58  Phoenix  
  151  16:59  Phoenix x2  
  151  17:23  Phoenix x2  
  151  17:24  Phoenix  
Tags
 
Add a new tag
Caveats
  • Supply blocks, unpowered buildings, or Contaminate may cause inaccurate times.
  • Supply counts are checked every 10 seconds.